 Dungeon Crawl Stone Soup version 0.17.1-1-g73c8601 (webtiles) character file.

332 Implojin the Ruffian (level 6, -1/59 HPs)
             Began as a Troll Fighter on Apr 9, 2016.
             Slain by an orc warrior
             ... wielding a +0 hand axe
              (13 damage)
             ... on level 7 of the Dungeon.
             The game lasted 00:02:57 (521 turns).

Implojin the Ruffian (Troll Fighter)                 Turns: 521, Time: 00:02:57

Health: -1/59      AC:  5    Str: 30      XL:     6   Next: 26%
Magic:  5/5        EV:  8    Int:  4      God:
Gold:   8          SH:  9    Dex:  9 (11) Spells: 0 memorised, 5 levels left

rFire  . . .     SeeInvis .       - Unarmed
rCold  . . .     Clarity  .     a - +0 robe
rNeg   . . .     SustAt   .     b - +0 shield
rPois  .         Gourm    +     (helmet restricted)
rElec  .         Spirit   .     (no cloak)
rCorr  .         Warding  .     (gloves unavailable)
rMut   .         Stasis   .     (boots unavailable)
MR     .....                    (no amulet)
Stlth  +.........               (no ring)
                                (no ring)

@: mighty, not resistant to hostile enchantments, very unstealthy
A: unfitting armour, claws 3, fast metabolism 3, gourmand, regeneration 2,
shaggy fur 1, tough skin 2
a: no special abilities


You were on level 7 of the Dungeon.
You were not hungry.

You visited 1 branch of the dungeon, and saw 8 of its levels.

You collected 8 gold pieces.

Inventory:

Missiles
 l - 3 tomahawks (quivered)
Armour
 a - a +0 robe (worn)
 b - a +0 shield (worn)
Wands
 n - a wand of fireball (8)
Scrolls
 e - a scroll of identify {unknown}
 h - a scroll of random uselessness {unknown}
 i - a scroll of remove curse {unknown}
 j - a scroll of enchant weapon {unknown}
 m - a scroll of magic mapping {unknown}
 o - a scroll of fear {unknown}
Potions
 c - a potion of might
 k - a potion of cancellation {unknown}
Comestibles
 d - 3 bread rations
 f - a meat ration
 g - a slice of pizza


   Skills:
 - Level 2.4 Fighting
 - Level 2.4 Dodging
 - Level 2.4 Shields
 * Level 6.7 Unarmed Combat


You had 5 spell levels left.
You didn't know any spells.

Dungeon Overview and Level Annotations

Branches:
Dungeon (8/15)
 Temple: D:4-7         Lair: D:8-11

Altars:
Ashenzari
Yredelemnul
Zin

Shops:
D:5 %


Innate Abilities, Weirdness & Mutations

You are too large for most types of armour.
You have claws for hands.
Your metabolism is lightning-fast.
You like to eat raw meat.
You heal very quickly.
You are covered in fur (AC +1).
You have very tough skin (AC +2).


Message History

* * * LOW HITPOINT WARNING * * *
You scratch the orc warrior but do no damage.
The orc warrior is lightly wounded.
The orc wizard looks braver for a moment.
The orc warrior barely misses you.
You closely miss the orc warrior.
The orc warrior is lightly wounded.
Drink which item? (? for menu, Esc to quit)
You feel very mighty all of a sudden.
The orc warrior hits you with a hand axe!!
* * * LOW HITPOINT WARNING * * *
An orc comes into view. It is wielding a club.
Unknown command.
Unknown command.
You barely miss the orc warrior.
The orc warrior is lightly wounded.
The orc shouts!
You block the orc warrior's attack.
Unknown command.
You claw the orc warrior!
The orc warrior is heavily wounded.
The orc warrior barely misses you.
The orc wizard gestures wildly while chanting.
The orc wizard flickers and vanishes!
You closely miss the orc warrior.
The orc warrior is heavily wounded.
You block the orc warrior's attack.
You closely miss the orc warrior.
The orc warrior is heavily wounded.
The orc warrior hits you with a hand axe!
* * * LOW HITPOINT WARNING * * *
You closely miss the orc warrior.
The orc warrior is heavily wounded.
You closely miss the orc warrior.
The orc warrior is heavily wounded.
The orc warrior barely misses you.
You closely miss the orc warrior.
The orc warrior is heavily wounded.
The orc warrior hits you with a hand axe!
You die...

.....................
.......##...#######..
......#.............
###....#....########$
......#....# #...
####.#..#.#.## #.#.
..........#5# #.#.
########...#.# ..
#.....@o{..#o# ###
#.######.$.#{. ..
...#### ## #####


You could see an orc warrior.

Vanquished Creatures
  Duvessa (D:5)
  Dowan (D:5)
  The ghost of Implojin the Ruffian, a weakling TrFi (D:5)
  A hound (D:4)
  A quasit (D:7)
  A crimson imp (D:8)
  A jelly (D:6)
  An orc priest (D:5)
  A worker ant zombie (D:7)
  An ooze (D:4)
  An adder skeleton (D:3)
  3 orcs (D:5)
  2 hobgoblins (D:1)
  3 jackals (D:1)
  3 kobolds (D:1)
  A bat (D:1)
  A giant newt (D:1)
  A quokka skeleton (D:4)
  4 rats
29 creatures vanquished.

Notes
Turn   | Place    | Note
--------------------------------------------------------------
     0 | D:1      | Implojin the Troll Fighter began the quest for the Orb.
     0 | D:1      | Reached XP level 1. HP: 22/22 MP: 0/0
    86 | D:1      | Reached XP level 2. HP: 29/29 MP: 1/1
   199 | D:1      | Reached skill level 3 in Unarmed Combat
   263 | D:4      | Found a glowing silver altar of Zin.
   265 | D:4      | Found a shattered altar of Ashenzari.
   265 | D:4      | Found a basalt altar of Yredelemnul.
   283 | D:4      | Reached skill level 4 in Unarmed Combat
   283 | D:4      | Reached XP level 3. HP: 19/36 MP: 2/2
   328 | D:5      | Entered Level 5 of the Dungeon
   332 | D:5      | Reached XP level 4. HP: 41/44 MP: 3/3
   347 | D:5      | Noticed Implojin's ghost (weakling TrFi)
   352 | D:5      | Noticed Dowan
   353 | D:5      | Noticed Duvessa
   360 | D:5      | Killed Implojin's ghost
   372 | D:5      | Killed Duvessa
   372 | D:5      | Reached skill level 5 in Unarmed Combat
   372 | D:5      | Reached XP level 5. HP: 35/50 MP: 4/4
   375 | D:5      | Killed Dowan
   375 | D:5      | Reached skill level 6 in Unarmed Combat
   406 | D:5      | Found Utokhluq's Food Shop.
   458 | D:8      | Reached XP level 6. HP: 59/59 MP: 5/5
   487 | D:7      | Noticed an orc warrior
   521 | D:7      | Slain by an orc warrior

Action                   |  1- 3 |  4- 6 || total
-------------------------+-------+-------++-------
Melee: Unarmed           |    64 |    52 ||   116
  Use: Potion            |       |     1 ||     1
  Eat: Chunk             |     4 |     2 ||     6

Table legend:
 A = Turns spent in this place as a percentage of turns spent in the entire game.
 B = Non-inter-level travel turns spent in this place as a percentage of non-inter-level travel turns spent in the entire game.
 C = Inter-level travel turns spent in this place as a percentage of turns spent in this place.
 D = Turns resting spent in this place as a percentage of non-inter-level travel turns spent in this place.
 E = Turns spent auto-exploring this place as a percentage of non-inter-level travel turns spent in this place.
 F = Non-inter-level travel turns spent in this place divided by the number of levels of this place that you've seen.
                   A       B       C       D       E      F
               +-------+-------+-------+-------+-------+----------------------
         Total | 100.0 | 100.0 |   0.0 |   0.0 |   0.0 |  65.2
       Dungeon | 100.0 | 100.0 |   0.0 |   0.0 |   0.0 |  65.2
               +-------+-------+-------+-------+-------+----------------------

Table legend:
 A = Kills in this place as a percentage of kills in entire the game.
 B = Kills by you in this place as a percentage of kills by you in the entire game.
 C = Kills by friends in this place as a percentage of kills by friends in the entire game.
 D = Other kills in this place as a percentage of other kills in the entire game.
 E = Experience gained in this place as a percentage of experience gained in the entire game.
 F = Experience gained in this place divided by the number of levels of this place that you have seen.
                   A       B       C       D       E      F
               +-------+-------+-------+-------+-------+----------------------
         Total | 100.0 | 100.0 |  -nan |  -nan | 100.0 |  59.4
       Dungeon | 100.0 | 100.0 |  -nan |  -nan | 100.0 |  59.4
               +-------+-------+-------+-------+-------+----------------------
